Map: Abyssal Reef LE

Players

TLO

  • Race: Zerg Zerg
  • Spawn Location: 5:00

Neeb - Winner!

  • Race: Protoss Protoss
  • Spawn Location: 11:00

Event: WCS Valencia 2017

VOD

Have the link to the VOD?

Description

Time

  • Played on: July 13, 2017, 1:40 p.m.
  • Length: 6:16

All games in this series

Show
View Real Time Build Order
Export as new Build Order

TLO Zerg 

Build Orders: Hatch First 

Get SALT Encoding   

  12  0:00  Drone  
  13  0:12  Overlord  
  13  0:17  Drone  
  14  0:31  Drone x2  
  16  0:35  Drone  
  17  0:54  Hatchery  
  17  0:56  Drone  
  17  1:00  Drone  
  18  1:14  Spawning Pool  
  18  1:18  Drone  
  18  1:21  Drone  
  19  1:28  Drone  
  20  1:39  Overlord  
  20  1:42  Extractor  
  19  2:00  Queen  
  21  2:01  Zergling x4  
  21  2:07  Queen  
  21  2:08  Drone  
  26  2:15  Drone  
  26  2:21  Drone  
  26  2:22  Drone  
  29  2:34  Hatchery, Zergling x2  
  29  2:39  Queen  
  29  2:44  Drone  
  32  2:46  Drone  
  32  2:48  Drone  
  34  2:53  Overlord  
  34  2:56  Drone  
  35  3:00  Drone  
  35  3:03  Metabolic Boost  
  36  3:11  Drone x2  
  37  3:15  Drone  
  37  3:16  Drone  
  37  3:18  Drone  
  37  3:19  Zergling x2  
  41  3:25  Zergling x2  
  41  3:26  Drone  
  43  3:31  Spore Crawler  
  43  3:34  Zergling x2  
  43  3:39  Spore Crawler x2, Overlord  
  40  3:44  Drone  
  40  3:46  Drone  
  40  3:47  Drone  
  40  3:48  Drone  
  44  3:51  Drone x2  
  44  3:52  Drone  
  47  3:58  Drone  
  47  3:59  Drone x2  
  47  4:02  Lair  
  50  4:05  Extractor  
  50  4:06  Extractor  
  50  4:07  Extractor, Drone  
  50  4:09  Drone  
  49  4:13  Drone  
  49  4:14  Drone x2  
  52  4:18  Zergling x2  
  52  4:19  Zergling x2  
  52  4:20  Zergling x2  
  52  4:21  Drone  
  52  4:23  Zergling x2  
  57  4:26  Drone  
  57  4:29  Overlord  
  58  4:37  Overlord  
  58  4:44  Overlord  
  58  4:49  Drone x8  
  66  4:55  Overlord  
  66  4:57  Zergling x2  
  67  5:04  Zergling x2, Hydralisk Den  
  67  5:05  Zergling x2  
  64  5:07  Zergling x2  
  64  5:09  Zergling x2  
  64  5:11  Zergling x2  
  68  5:14  Zergling x2  
  68  5:17  Zergling x2  
  62  5:23  Zergling x4  
  62  5:24  Drone  
  62  5:25  Drone  
  61  5:30  Drone x2  
  61  5:31  Drone  
  61  5:33  Drone  
  53  5:37  Drone  
  49  5:45  Drone  
  49  5:46  Drone x2  
  49  5:48  Drone  
  51  5:51  Drone  
Show
View Real Time Build Order
Export as new Build Order

Neeb Protoss - Winner!

Build Orders: 1 Gate Expand, Mass Adepts 

Get SALT Encoding   

  12  0:01  Probe (Chrono Boost)  
  13  0:11  Probe (Chrono Boost)  
  14  0:18  Pylon  
  14  0:22  Probe (Chrono Boost)  
  15  0:37  Probe (Chrono Boost)  
  15  0:40  Gateway  
  16  0:47  Probe (Chrono Boost)  
  16  0:49  Assimilator  
  17  0:58  Probe (Chrono Boost)  
  18  1:08  Probe (Chrono Boost)  
  19  1:21  Nexus  
  20  1:25  Probe (Chrono Boost)  
  20  1:34  Cybernetics Core  
  20  1:38  Probe (Chrono Boost)  
  21  1:42  Assimilator  
  21  1:48  Probe (Chrono Boost)  
  22  1:55  Pylon  
  22  1:59  Probe (Chrono Boost)  
  23  2:04  Warp Gate  
  23  2:13  Probe, Adept (Chrono Boost)  
  26  2:25  Pylon, Probe  
  27  2:32  Probe, Twilight Council  
  27  2:37  Probe  
  27  2:38  Adept (Chrono Boost)  
  27  2:43  Probe  
  30  2:49  Probe  
  32  2:53  Probe  
  33  3:01  Adept (Chrono Boost)  
  33  3:02  Probe  
  33  3:05  Resonating Glaives (Chrono Boost)  
  36  3:11  Gateway  
  36  3:14  Gateway  
  36  3:18  Probe  
  37  3:20  Probe  
  38  3:27  Pylon  
  38  3:30  Probe  
  38  3:31  Adept  
  39  3:34  Probe  
  40  3:42  Probe  
  40  3:44  Pylon  
  40  3:46  Probe  
  42  3:54  Probe  
  43  3:58  Probe (Chrono Boost)  
  43  4:02  Robotics Facility  
  44  4:09  Mothership Core (Chrono Boost)  
  46  4:11  Adept x3  
  46  4:12  Probe (Chrono Boost)  
  53  4:23  Probe (Chrono Boost), Pylon  
  54  4:31  Adept  
  54  4:32  Adept x2  
  60  4:40  Nexus  
  60  4:42  Probe (Chrono Boost)  
  60  4:43  Probe (Chrono Boost)  
  62  4:46  Pylon  
  62  4:51  Warp Prism (Chrono Boost)  
  64  4:53  Probe  
  64  4:55  Probe  
  64  4:59  Pylon  
  66  5:06  Sentry x3  
  72  5:07  Probe  
  72  5:10  Assimilator  
  72  5:11  Assimilator  
  72  5:12  Probe  
  74  5:19  Probe  
  73  5:24  Probe  
  70  5:31  Probe  
  70  5:35  Adept x2  
  71  5:36  Probe, Immortal (Chrono Boost), Adept  
  74  5:43  Probe  
  74  5:48  Probe  
  72  5:52  Gateway  
  72  5:55  Probe, Gateway  
  73  5:57  Gateway  
  73  6:02  Adept x3  
  73  6:04  Probe  
Tags
 
Add a new tag
Caveats
  • Supply blocks, unpowered buildings, or Contaminate may cause inaccurate times.
  • Supply counts are checked every 10 seconds.